[Event "Titled Tuesday Blitz August 09 Early 2022"]
[White "Quirke, Jeffrey"]
[Black "Petrova, Irina"]
[WhiteFideId "2013029"]
[BlackFideId "14124122"]
[WhiteElo "2222"]
[BlackElo "2021"]
[Result "1-0"]
[Round "11"]
[TimeControl "180+1"]
[Date "2022.08.09"]
[WhiteClock "0:00:58"]
[BlackClock "0:01:26"]

1. d4 d6 2. e4 Nf6 3. Bd3 e5 4. c3 d5 5. dxe5 Nxe4 6. Nf3 Nc6 7. O-O Nc5 8. Bb5 Bg4 9. Nbd2 Be7 10. b4 Ne6 11. Qa4 O-O 12. Bxc6 bxc6 13. Qxc6 Nf4 14. Nd4 a5 15. bxa5 Rxa5 16. Qb7 c5 17. Nc6 Qe8 18. Nxe7+ Kh8 19. Nb3 Ra8 20. Bxf4 1-0


[Site "https://www.chess.com"]

[Event "Titled Tuesday Blitz August 09 Early 2022"]
[White "Remolar Gallen, Jose"]
[Black "Costachi, Mihnea"]
[WhiteFideId "2215187"]
[BlackFideId "1217518"]
[WhiteElo "2205"]
[BlackElo "2437"]
[Result "0-1"]
[Round "11"]
[TimeControl "180+1"]
[Date "2022.08.09"]
[WhiteClock "0:00:01"]
[BlackClock "0:00:23"]

1. d4 d6 2. e4 Nf6 3. Nc3 e5 4. Nf3 Nbd7 5. g4 Nxg4 6. Rg1 Ngf6 7. Bc4 exd4 8. Qxd4 Nb6 9. Bb3 Be6 10. Bg5 c5 11. Qe3 c4 12. O-O-O cxb3 13. axb3 h6 14. Bh4 g5 15. Bg3 Bg7 16. Bxd6 Nfd7 17. h4 g4 18. Nd4 Qf6 19. f4 Rc8 20. f5 Bxb3 21. Nxb3 Nc4 22. e5 Qxf5 23. Qd4 Nxd6 24. Qxd6 Bxe5 25. Rge1 Qe6 26. Qb4 f6 27. Qxb7 Nb6 28. Nd4 Qd7 29. Qe4 O-O 30. Nf5 Qh7 31. Qxg4+ Kh8 32. Rg1 Rg8 33. Qh5 Nc4 34. Nxh6 Bf4+ 35. Kb1 Bxh6 36. Rxg8+ Rxg8 37. Qd5 Ne3 0-1


[Site "https://www.chess.com"]

[Event "Titled Tuesday Blitz August 09 Early 2022"]
[White "Rios Escobar, Adan"]
[Black "Bressac, Stephane"]
[WhiteFideId "3403645"]
[BlackFideId "655945"]
[WhiteElo "2419"]
[BlackElo "2339"]
[Result "0-1"]
[Round "11"]
[TimeControl "180+1"]
[Date "2022.08.09"]
[WhiteClock "0:00:15"]
[BlackClock "0:00:25"]

1. d4 Nf6 2. g3 g6 3. Bg2 Bg7 4. e4 O-O 5. Ne2 c5 6. c3 cxd4 7. cxd4 d5 8. e5 Ne8 9. O-O Nc6 10. Nbc3 Nc7 11. Qb3 e6 12. h4 b6 13. Rd1 Ba6 14. Nf4 Rc8 15. h5 Na5 16. Qa4 g5 17. h6 Bxh6 18. Nh5 Ne8 19. b4 Rxc3 20. bxa5 Be2 21. Ba3 Bxh5 22. Bxf8 Bxd1 23. Qb4 Rc4 24. Qd2 Bxf8 25. Rxd1 bxa5 26. Bf1 Rb4 27. a3 Rb3 28. a4 Ng7 29. Bd3 Bb4 30. Qe2 Bc3 31. Bc2 Rb4 32. Qd3 Rxd4 33. Qxh7+ Kf8 34. Rxd4 Bxd4 35. Qh8+ Ke7 36. Qxg7 Qc7 37. Qxg5+ Ke8 38. Qg8+ Ke7 39. Qg5+ Kd7 40. Bd3 Bxe5 41. Bb5+ Kd6 42. Qg8 Bf6 43. Qf8+ Ke5 44. Qg8 d4 45. Qg4 Qc1+ 46. Kg2 Kd6 47. Qg8 Qc7 48. Qf8+ Qe7 49. Qb8+ Kc5 50. Qxa7+ Qxa7 51. g4 Qb7+ 52. Kg3 Qxb5 53. g5 Qxa4 54. f4 Bxg5 55. Kg4 Bxf4 56. Kxf4 Qc4 57. Kg5 Qd5+ 58. Kf6 Qf5+ 59. Kg7 e5 60. Kf8 e4 61. Ke7 e3 62. Kd8 d3 63. Kc7 d2 64. Kb8 e2 65. Ka7 a4 66. Ka6 a3 67. Ka5 a2 68. Ka4 Qc2+ 69. Ka5 f5 70. Ka6 f4 71. Kb7 f3 72. Kc7 f2 73. Kd7 f1=Q 74. Ke7 e1=Q+ 0-1


[Site "https://www.chess.com"]

[Event "Titled Tuesday Blitz August 09 Early 2022"]
[White "Rohith Krishna S"]
[Black "Khabinets, Ivan"]
[WhiteFideId "46617051"]
[BlackFideId "14115980"]
[WhiteElo "2118"]
[BlackElo "2114"]
[Result "1-0"]
[Round "11"]
[TimeControl "180+1"]
[Date "2022.08.09"]
[WhiteClock "0:00:30"]
[BlackClock "0:00:02"]

1. e4 c5 2. Nf3 Nc6 3. d4 cxd4 4. Nxd4 Nf6 5. Nc3 e5 6. Ndb5 d6 7. Bg5 a6 8. Na3 b5 9. Nd5 Be7 10. Bxf6 Bxf6 11. c3 O-O 12. Be2 Rb8 13. O-O Bg5 14. Nc2 Be6 15. f4 exf4 16. Nxf4 Qb6+ 17. Kh1 Bxf4 18. Rxf4 Rfd8 19. Nd4 Ne5 20. Qf1 b4 21. Bxa6 bxc3 22. bxc3 Qb2 23. Qe1 Ra8 24. Bf1 Rxa2 25. Rxa2 Qxa2 26. Rf2 Qa3 27. h3 Rc8 28. Nb5 Qc5 29. Rd2 Rd8 30. Qd1 d5 31. Qa4 h6 32. Be2 Rd7 33. Qd4 Qxd4 34. Rxd4 dxe4 35. Rxe4 Nc6 36. c4 Rd2 37. Bf3 Ne7 38. Nc7 Rd6 39. Re5 Ng6 40. Rc5 Bd7 41. Kh2 Ne7 42. Nb5 Re6 43. Rc7 Be8 44. Ra7 Kf8 45. Ra8 Nf5 46. c5 Re7 47. Bc6 f6 48. Nd6 Nxd6 49. cxd6 Re6 50. d7 Rxc6 51. dxe8=Q# 1-0


[Site "https://www.chess.com"]

[Event "Titled Tuesday Blitz August 09 Early 2022"]
[White "Rosenberg, Evan S"]
[Black "Vovk, Orest"]
[WhiteFideId "2019299"]
[BlackFideId "14113490"]
[WhiteElo "2445"]
[BlackElo "2203"]
[Result "1-0"]
[Round "11"]
[TimeControl "180+1"]
[Date "2022.08.09"]
[WhiteClock "0:01:29"]
[BlackClock "0:01:41"]

1. e4 g5 2. Nc3 Bg7 3. Bc4 d6 4. d3 h6 5. a4 Nc6 6. a5 a6 7. f4 gxf4 8. Bxf4 Bxc3+ 9. bxc3 Nf6 10. Nf3 Be6 11. Bxe6 fxe6 12. O-O e5 13. Be3 e6 14. Nh4 Rg8 15. Qf3 Rf8 16. Bxh6 Rf7 17. Bg5 Qd7 18. Bxf6 Ne7 19. Qh5 Qb5 20. Bxe7 1-0


[Site "https://www.chess.com"]

[Event "Titled Tuesday Blitz August 09 Early 2022"]
[White "Sailer, Mike"]
[Black "Delorme, Axel"]
[WhiteFideId "2012901"]
[BlackFideId "632023"]
[WhiteElo "2109"]
[BlackElo "2474"]
[Result "1-0"]
[Round "11"]
[TimeControl "180+1"]
[Date "2022.08.09"]
[WhiteClock "0:00:08"]
[BlackClock "0:00:17"]

1. d4 Nf6 2. Nf3 e6 3. Bf4 d5 4. e3 c5 5. Nc3 a6 6. Be2 Nc6 7. O-O Bd6 8. Ne5 Qc7 9. Nxc6 bxc6 10. Bxd6 Qxd6 11. dxc5 Qxc5 12. Na4 Qb4 13. c3 Qa5 14. b4 Qc7 15. Nc5 O-O 16. Bd3 a5 17. a3 Nd7 18. Nxd7 Qxd7 19. Qh5 g6 20. Qe5 Ba6 21. Bxa6 Rxa6 22. h4 h5 23. c4 Rfa8 24. Rad1 axb4 25. axb4 Ra4 26. cxd5 cxd5 27. Rd4 Qb7 28. Rb1 Ra1 29. Rxa1 Rxa1+ 30. Kh2 Ra8 31. g3 Qb8 32. Qf6 Ra4 33. Qe7 Ra7 34. Qc5 Rc7 35. Qa5 Rb7 36. Rf4 Rb5 37. Qa3 Qb7 38. Qc3 Rb6 39. g4 hxg4 40. Rxg4 Rc6 41. Qf6 Qb8+ 42. Kg2 Qf8 43. h5 Qg7 44. Qd8+ Kh7 45. hxg6+ Kh6 46. Qh4# 1-0


[Site "https://www.chess.com"]

[Event "Titled Tuesday Blitz August 09 Early 2022"]
[White "Samunenkov, Ihor"]
[Black "Molina, Roberto Junio Brito"]
[WhiteFideId "14187086"]
[BlackFideId "2109450"]
[WhiteElo "2441"]
[BlackElo "2403"]
[Result "1-0"]
[Round "11"]
[TimeControl "180+1"]
[Date "2022.08.09"]
[WhiteClock "0:00:11"]
[BlackClock "0:00:31"]

1. d4 d5 2. c4 c6 3. Nf3 Nf6 4. g3 dxc4 5. Bg2 b5 6. Ne5 Bb7 7. a4 a6 8. O-O e6 9. b3 cxb3 10. Qxb3 Be7 11. Bb2 O-O 12. Rc1 Qb6 13. Na3 Rc8 14. Nac4 Qd8 15. Nxf7 Kxf7 16. Ne5+ Kf8 17. Qxe6 Qe8 18. axb5 axb5 19. Rxa8 Bxa8 20. d5 Bb4 21. Qxe8+ Kxe8 22. dxc6 Na6 23. Bh3 Rc7 24. Ra1 Bxc6 25. Rxa6 Bd5 26. Be6 Bc5 27. Bxd5 Nxd5 28. Rc6 g6 29. Rxc7 Nxc7 30. Kf1 Ke7 31. Nd3 Ke6 32. Nxc5+ Kd5 33. Nd3 Ne6 34. Nf4+ Nxf4 35. gxf4 Ke4 36. e3 Kf3 37. Bc3 h5 38. Kg1 h4 39. h3 Ke2 40. e4 Kd3 41. e5 Kxc3 42. e6 b4 43. e7 b3 44. e8=Q b2 45. Qc6+ Kd2 46. Qb5 Kc1 47. Qc4+ Kd1 48. Qb3+ Kc1 49. Qc3+ Kb1 50. Kg2 Ka2 51. Qa5+ Kb3 52. Qb5+ Kc3 53. Kf3 Kc2 54. Qc4+ Kd2 55. Qb3 Kc1 56. Qc3+ Kb1 57. Kg4 Ka2 58. Qc2 Ka3 59. Qb1 g5 60. Kxg5 Kb3 61. f5 Kc4 62. f6 Kd5 63. Qxb2 Ke6 64. Qb6+ Kf7 65. Qc7+ Ke6 66. Qe7+ Kd5 67. f7 Kd4 68. f8=Q Kd5 69. Qfd8+ 1-0


[Site "https://www.chess.com"]

[Event "Titled Tuesday Blitz August 09 Early 2022"]
[White "Sanchez, Robert"]
[Black "Reprintsev, Alexander"]
[WhiteFideId "2034360"]
[BlackFideId "14100541"]
[WhiteElo "2296"]
[BlackElo "2108"]
[Result "0-1"]
[Round "11"]
[TimeControl "180+1"]
[Date "2022.08.09"]
[WhiteClock "0:00:48"]
[BlackClock "0:01:16"]

1. e4 d5 2. exd5 Qxd5 3. Nc3 Qa5 4. Nf3 Nf6 5. Be2 Nc6 6. O-O Bg4 7. d3 e6 8. Bd2 O-O-O 9. a3 Qf5 10. b4 Bd6 11. b5 Bxf3 12. bxc6 Bxc6 13. a4 a6 14. d4 Qg6 15. Bf3 Bxf3 16. Qxf3 Qxc2 17. Rfd1 Qf5 18. Qe2 Qh5 19. Qxh5 Nxh5 20. Rac1 Nf6 21. Bg5 Be7 22. a5 Rd7 23. Na4 Kb8 24. Bxf6 gxf6 25. Rc4 Rd5 26. Rdc1 Bd6 27. Nc5 Bxc5 28. dxc5 Rhd8 29. g3 Rd1+ 30. Rxd1 Rxd1+ 31. Kg2 Ra1 32. Rh4 Rxa5 33. Rxh7 Rxc5 34. Rxf7 b5 35. Rxf6 b4 36. Rxe6 b3 37. Re2 a5 38. h4 a4 39. g4 a3 40. h5 b2 0-1


[Site "https://www.chess.com"]

[Event "Titled Tuesday Blitz August 09 Early 2022"]
[White "Sarana, Alexey"]
[Black "Kamsky, Gata"]
[WhiteFideId "24133795"]
[BlackFideId "2000024"]
[WhiteElo "2666"]
[BlackElo "2666"]
[Result "1-0"]
[Round "11"]
[TimeControl "180+1"]
[Date "2022.08.09"]
[WhiteClock "0:00:13"]
[BlackClock "0:00:01"]

1. d4 f5 2. c4 Nf6 3. Nc3 e6 4. a3 g6 5. e3 Bg7 6. Bd3 O-O 7. Nge2 d6 8. O-O e5 9. f3 Nc6 10. b4 Kh8 11. Kh1 Qe7 12. Ra2 b6 13. Nd5 Qf7 14. Rc2 Bb7 15. Bb2 Rfe8 16. Nxf6 Bxf6 17. d5 Ne7 18. Qa1 a5 19. b5 Ng8 20. Rd2 Re7 21. Bc2 Rae8 22. g4 fxg4 23. fxg4 Qg7 24. Ng3 Bg5 25. Qe1 Qh6 26. Ne4 Bh4 27. Qe2 Bc8 28. Qg2 Rf8 29. Rxf8 Qxf8 30. Rd1 Rf7 31. Qh3 Rf3 32. Qg2 Nh6 33. h3 Be7 34. Re1 Bh4 35. Rg1 Be7 36. Bd1 Rf7 37. Bc1 Bh4 38. Be2 Kg8 39. Bd2 Kh8 40. Rd1 Ng8 41. Be1 Bxe1 42. Rxe1 Qh6 43. Bd1 Qh4 44. Rf1 Rxf1+ 45. Qxf1 Kg7 46. Kg2 Nf6 47. Ng3 h5 48. Qf2 Qg5 49. h4 Nxg4 50. hxg5 Nxf2 51. Kxf2 Bd7 52. Ne4 Kf7 53. Nf6 Bc8 54. Bc2 Bb7 55. Kg3 Bc8 56. Bd3 Bb7 57. Bf1 Bc8 58. Bg2 Ke7 59. Bh3 1-0


[Site "https://www.chess.com"]

[Event "Titled Tuesday Blitz August 09 Early 2022"]
[White "Shapiro, Daniel"]
[Black "Melikhov, Evgeny V."]
[WhiteFideId "2001780"]
[BlackFideId "4122046"]
[WhiteElo "2261"]
[BlackElo "1963"]
[Result "1/2-1/2"]
[Round "11"]
[TimeControl "180+1"]
[Date "2022.08.09"]
[WhiteClock "0:00:08"]
[BlackClock "0:00:14"]

1. d4 Nf6 2. c4 e6 3. g3 d5 4. Nf3 dxc4 5. Bg2 Nc6 6. Qa4 Bb4+ 7. Bd2 Bd6 8. Qxc4 O-O 9. Bf4 Bxf4 10. gxf4 Qd5 11. Nbd2 Qxc4 12. Nxc4 Nb4 13. O-O Nbd5 14. e3 Rd8 15. Rfc1 Bd7 16. Nce5 Be8 17. a3 c6 18. Ne1 Nd7 19. N1d3 f6 20. Nc4 Bg6 21. Bf1 N7b6 22. Na5 Na4 23. Nxb7 Rdb8 24. Na5 Nxb2 25. Nc5 Rb6 26. Nxe6 Be4 27. Nc5 Bf3 28. Bg2 Bxg2 29. Kxg2 f5 30. Rc2 Rab8 31. Rb1 Rb5 32. Nab3 Na4 33. Nxa4 Rxb3 34. Rxb3 Rxb3 35. Rxc6 Rxa3 36. Rd6 Nxe3+ 37. fxe3 Rxa4 38. Rd7 h6 39. d5 g5 40. fxg5 hxg5 41. d6 Kf8 42. Rb7 Ke8 43. Re7+ Kd8 44. Re5 f4 45. Rxg5 fxe3 46. Re5 Kd7 47. Rxe3 Kxd6 48. Kg3 a5 49. h4 Ra1 50. h5 Rh1 51. Kg4 a4 52. Ra3 Rg1+ 53. Kh4 Ke6 54. Rxa4 Kf6 55. Ra6+ Kg7 56. Rg6+ Rxg6 57. hxg6 Kxg6 1/2-1/2


[Site "https://www.chess.com"]

[Event "Titled Tuesday Blitz August 09 Early 2022"]
[White "Shimanov, Aleksandr"]
[Black "Srihari L R"]
[WhiteFideId "4198603"]
[BlackFideId "46617116"]
[WhiteElo "2605"]
[BlackElo "2170"]
[Result "1-0"]
[Round "11"]
[TimeControl "180+1"]
[Date "2022.08.09"]
[WhiteClock "0:00:10"]
[BlackClock "0:00:09"]

1. e4 c6 2. d4 d5 3. Nd2 dxe4 4. Nxe4 Bf5 5. Ng3 Bg6 6. h4 h6 7. Nf3 Nd7 8. Bc4 e6 9. Qe2 Ngf6 10. O-O Bd6 11. Ne5 Bxe5 12. dxe5 Nd5 13. h5 Bh7 14. Qg4 Nxe5 15. Qxg7 Qf6 16. Qxf6 Nxf6 17. Bb3 Bg8 18. Bf4 Ned7 19. Rad1 Nd5 20. Bc1 Nc5 21. c4 Nxb3 22. axb3 Ne7 23. Bd2 Bh7 24. Bc3 Rg8 25. Bf6 Bc2 26. Rd4 c5 27. Rd2 Bxb3 28. Ne4 Rg4 29. Nd6+ Kf8 30. f3 Rg8 31. Nxb7 Bxc4 32. Rc1 Bd5 33. Nxc5 Bxf3 34. Nd7+ Ke8 35. Bxe7 Kxe7 36. Rc7 Bd5 37. Nb6+ Kd6 38. Nxa8 Rxa8 39. Rxf7 a5 40. Rf6 Rg8 41. Rxh6 a4 42. Rg6 Rh8 43. Rg5 Ke7 44. Rf2 Rb8 45. h6 Kd6 46. h7 Rh8 47. Rf7 Be4 48. Rg4 Rxh7 49. Rxh7 Bxh7 50. Rxa4 Kc5 51. Kf2 e5 52. Rh4 Bf5 53. Ke3 Kd5 54. g4 Be6 55. g5 Bf5 56. Rh6 Kc4 57. g6 Bxg6 58. Rxg6 Kb3 59. Rg2 e4 60. Kxe4 Ka2 61. b4+ Kb3 62. b5 Kc4 63. b6 Kc5 64. b7 Kc6 65. b8=Q Kd7 66. Rg7+ Ke6 67. Qb6# 1-0


[Site "https://www.chess.com"]

[Event "Titled Tuesday Blitz August 09 Early 2022"]
[White "Shuvalov, Evgenij"]
[Black "Khripachenko, Alexander"]
[WhiteFideId "4187237"]
[BlackFideId "54184975"]
[WhiteElo "2058"]
[BlackElo "2233"]
[Result "0-1"]
[Round "11"]
[TimeControl "180+1"]
[Date "2022.08.09"]
[WhiteClock "0:00:28"]
[BlackClock "0:00:50"]

1. Nf3 Nf6 2. c4 g6 3. Nc3 d5 4. cxd5 Nxd5 5. h4 h6 6. e4 Nxc3 7. bxc3 Bg7 8. d4 c5 9. Be3 Qa5 10. Qd2 Bg4 11. Be2 Nc6 12. Rd1 Rd8 13. e5 Bxf3 14. gxf3 Nxe5 15. O-O cxd4 16. Bxd4 O-O 17. Qb2 b6 18. Kg2 Nc6 19. Bxg7 Kxg7 20. c4+ Qe5 21. Qb5 Qf6 22. Rd5 Nd4 23. Qb2 e6 24. Rxd8 Rxd8 25. Rh1 h5 26. Bd1 Nf5 27. Qxf6+ Kxf6 28. Bb3 Rd2 29. Rc1 Nxh4+ 30. Kg3 Nf5+ 31. Kg2 Nd4 32. c5 bxc5 33. Rxc5 Nxb3 34. axb3 Rb2 35. Ra5 Rxb3 36. Rxa7 Rb5 37. Rc7 Rd5 38. Kg3 Rd6 39. f4 Rd3+ 40. f3 Rd1 41. Rb7 Ra1 42. Rc7 Ra8 43. Rb7 Re8 44. Rc7 e5 45. fxe5+ Rxe5 46. Kf4 g5+ 47. Kg3 Kg6 48. Rc6+ f6 49. Rb6 Kf5 50. Ra6 Rb5 51. Rc6 Rb3 52. Kg2 g4 53. Rc5+ Kg6 54. fxg4 hxg4 55. Kf2 f5 56. Kg2 Kg5 57. Rc4 Rb2+ 58. Kg1 f4 59. Ra4 f3 60. Rc4 Kh4 61. Kh1 Kg3 62. Rc1 Rh2+ 63. Kg1 f2+ 64. Kf1 Rh1+ 65. Ke2 Rxc1 0-1


[Site "https://www.chess.com"]

[Event "Titled Tuesday Blitz August 09 Early 2022"]
[White "Siva Mahadevan"]
[Black "Sokolovsky, Yahli"]
[WhiteFideId "25043153"]
[BlackFideId "2820242"]
[WhiteElo "2203"]
[BlackElo "1867"]
[Result "0-1"]
[Round "11"]
[TimeControl "180+1"]
[Date "2022.08.09"]
[WhiteClock "0:01:03"]
[BlackClock "0:00:05"]

1. Nf3 d5 2. b3 c5 3. Bb2 d4 4. c3 Nc6 5. cxd4 cxd4 6. e3 Bg4 7. h3 Bh5 8. g4 Bg6 9. Nxd4 Be4 10. f3 e5 11. fxe4 Qh4+ 12. Ke2 exd4 13. exd4 O-O-O 14. d5 Bc5 15. Qe1 Qe7 16. Kd1 Nd4 17. Nc3 Nf6 18. Bg2 Rhe8 19. Rc1 Kb8 20. Na4 b6 21. Nxc5 bxc5 22. d3 Nd7 23. b4 Ne5 24. bxc5 Nb5 25. Qb4 a6 26. Rc3 Rxd5 27. exd5 Nxd3 28. Rxd3 Qe2+ 29. Kc1 Qxd3 30. Rd1 Qg3 31. a4 Qxg2 32. axb5 Ka8 33. b6 Re4 34. b7+ Kb8 35. c6 Rxb4 36. Be5+ Ka7 37. b8=Q+ Rxb8 38. Bxb8+ Kxb8 39. Rd2 Qf1+ 40. Kb2 Qb5+ 41. Ka3 Qa5+ 0-1


[Site "https://www.chess.com"]

[Event "Titled Tuesday Blitz August 09 Early 2022"]
[White "Tica, Sven"]
[Black "Winterberg, Lukas"]
[WhiteFideId "14526948"]
[BlackFideId "24622702"]
[WhiteElo "2350"]
[BlackElo "2349"]
[Result "0-1"]
[Round "11"]
[TimeControl "180+1"]
[Date "2022.08.09"]
[WhiteClock "0:00:06"]
[BlackClock "0:00:05"]

1. e4 e6 2. b3 d5 3. Bb2 a6 4. Nc3 Nf6 5. e5 Nfd7 6. f4 c5 7. Nf3 Nc6 8. g3 b5 9. Bg2 Bb7 10. O-O Be7 11. d3 O-O 12. Qe2 Qb6 13. Kh1 b4 14. Nd1 a5 15. Ne3 a4 16. Ng4 c4 17. dxc4 dxc4 18. Rfd1 Nc5 19. bxc4 Rfd8 20. Nf6+ gxf6 21. exf6 Bf8 22. Ng5 h6 23. Nxf7 Rxd1+ 24. Rxd1 Nd8 25. Qg4+ Kh7 26. Ng5+ hxg5 27. Qh5+ Bh6 28. fxg5 Bxg2+ 29. Kxg2 Qb7+ 30. Kh3 Nf7 31. g6+ Kg8 32. Qxc5 Qf3 33. gxf7+ Kh7 34. f8=N+ Rxf8 35. Rd7+ Kg6 36. Rd3 Be3 37. Qxf8 Qh5+ 38. Kg2 Qe2+ 39. Kh3 Qf1+ 40. Kg4 Qf5+ 41. Kh4 Qh5# 0-1


[Site "https://www.chess.com"]

[Event "Titled Tuesday Blitz August 09 Early 2022"]
[White "Todorovic, Bojan"]
[Black "De Souza, Cristiano Gomes"]
[WhiteFideId "917087"]
[BlackFideId "2151758"]
[WhiteElo "2266"]
[BlackElo "2068"]
[Result "1-0"]
[Round "11"]
[TimeControl "180+1"]
[Date "2022.08.09"]
[WhiteClock "0:00:59"]
[BlackClock "0:02:03"]

1. d4 Nf6 2. c4 g6 3. Nc3 Bg7 4. e4 d6 5. Be2 O-O 6. Nf3 e5 7. O-O Nc6 8. d5 Ne7 9. Ne1 Ne8 10. Be3 f5 11. f3 f4 12. Bf2 h5 13. c5 g5 14. Rc1 a6 15. cxd6 cxd6 16. Na4 b5 17. Nb6 Rb8 18. Nxc8 Rxc8 19. Nd3 Nf6 20. Nb4 a5 21. Nc6 Nxc6 22. dxc6 b4 23. Ba6 Ra8 24. Bb7 Rb8 25. c7 Qd7 26. cxb8=Q Rxb8 27. Bd5+ Kh7 28. Qc2 1-0


[Site "https://www.chess.com"]

[Event "Titled Tuesday Blitz August 09 Early 2022"]
[White "Toncheva, Nadya"]
[Black "Garrido, Denis"]
[WhiteFideId "2924056"]
[BlackFideId "601217"]
[WhiteElo "1888"]
[BlackElo "2355"]
[Result "1-0"]
[Round "11"]
[TimeControl "180+1"]
[Date "2022.08.09"]
[WhiteClock "0:00:10"]
[BlackClock "0:00:20"]

1. e4 e5 2. Nf3 Nc6 3. Bb5 a6 4. Ba4 Nf6 5. O-O b5 6. Bb3 Bc5 7. Re1 d6 8. c3 O-O 9. d4 Bb6 10. h3 h6 11. a4 Rb8 12. d5 Ne7 13. Nbd2 Ng6 14. Nf1 Nh7 15. Ng3 Ng5 16. Nxg5 hxg5 17. axb5 axb5 18. Bc2 Nf4 19. Be3 Bxe3 20. fxe3 Ng6 21. Rf1 Nh4 22. Qh5 Bd7 23. Bd3 b4 24. c4 c5 25. Ra6 Qe7 26. Nf5 Bxf5 27. exf5 e4 28. Be2 f6 29. g3 Qe5 30. Qg4 Nxf5 31. Rxf5 Qxb2 32. h4 gxh4 33. Ra7 Qc1+ 34. Kg2 h3+ 35. Qxh3 Ra8 36. Rh5 Rxa7 37. Rh8+ Kf7 38. Qe6+ Kg6 39. Bh5+ Kg5 40. Qg4# 1-0


[Site "https://www.chess.com"]

[Event "Titled Tuesday Blitz August 09 Early 2022"]
[White "Tuleyeva-Aketayeva, Dana"]
[Black "Vasques, Antonio Pedro Freixial"]
[WhiteFideId "13701932"]
[BlackFideId "1908332"]
[WhiteElo "1849"]
[BlackElo "2243"]
[Result "0-1"]
[Round "11"]
[TimeControl "180+1"]
[Date "2022.08.09"]
[WhiteClock "0:00:07"]
[BlackClock "0:01:22"]

1. d4 Nf6 2. Nf3 d5 3. g3 c5 4. Bg2 Nc6 5. O-O e6 6. b3 Bd7 7. c4 dxc4 8. bxc4 cxd4 9. Nxd4 Nxd4 10. Qxd4 Bc6 11. Bxc6+ bxc6 12. Qxd8+ Rxd8 13. Be3 Bd6 14. a4 a6 15. Bb6 Rd7 16. Na3 O-O 17. c5 Be5 18. Rad1 Nd5 19. Nc4 Bb8 20. a5 Re8 21. e4 Nf6 22. Rxd7 Nxd7 23. Rd1 Nf6 24. f3 h5 25. Nd6 Re7 26. Kf2 Rd7 27. e5 Nd5 28. Rb1 f6 29. f4 g5 30. Kf3 g4+ 31. Kf2 Kg7 32. Ne8+ Kf7 33. Nxf6 Nxf6 34. exf6 Kxf6 35. Ke2 Kf5 36. Rb4 Rd5 37. Bd8 Rxd8 38. Rb6 Rd5 39. Rxb8 Rxc5 40. Rf8+ Ke4 41. Re8 Rc2+ 42. Kd1 Rxh2 43. Rxe6+ Kf3 44. Rxc6 Kxg3 45. Rxa6 Kxf4 46. Rh6 h4 47. a6 h3 48. a7 Ra2 49. Rh7 Kg3 50. Kc1 h2 51. Kb1 Rxa7 52. Rxa7 h1=Q+ 53. Kb2 Qg2+ 54. Kb3 Qf3+ 55. Kc4 Qf4+ 56. Kb5 Qe5+ 57. Kc6 Qe6+ 58. Kb5 Qd5+ 59. Ka6 Qa2+ 60. Kb7 Qxa7+ 61. Kxa7 Kf2 62. Kb6 g3 63. Kc5 g2 64. Kd5 g1=Q 65. Kc5 Qg4 66. Kd5 Ke3 67. Kc5 Qe4 68. Kd6 Qf5 69. Kc6 Kd4 70. Kd6 Qf6+ 71. Kd7 Kd5 72. Kc7 Qe7+ 73. Kc8 Kc6 74. Kb8 Qb7# 0-1


[Site "https://www.chess.com"]

[Event "Titled Tuesday Blitz August 09 Early 2022"]
[White "Vakhlamov, Igor L."]
[Black "Ianov, Viktor"]
[WhiteFideId "24126748"]
[BlackFideId "14102730"]
[WhiteElo "2401"]
[BlackElo "2152"]
[Result "1-0"]
[Round "11"]
[TimeControl "180+1"]
[Date "2022.08.09"]
[WhiteClock "0:00:18"]
[BlackClock "0:00:02"]

1. e4 d6 2. d4 Nf6 3. Nc3 c6 4. Nf3 Bg4 5. h3 Bh5 6. g4 Bg6 7. Qe2 e6 8. Rg1 Be7 9. h4 h5 10. g5 Nfd7 11. Bf4 Na6 12. Bh3 Qa5 13. a3 O-O 14. d5 Ndc5 15. Bd2 exd5 16. Nxd5 Qd8 17. Nc3 Re8 18. O-O-O Bf8 19. e5 dxe5 20. Nxe5 Qb6 21. f4 Bd6 22. Rge1 Bxe5 23. fxe5 Rad8 24. Qc4 Qc7 25. Bf4 Rxd1+ 26. Rxd1 b5 27. Qd4 Ne6 28. Bxe6 fxe6 29. Ne4 c5 30. Qe3 Rf8 31. Nd6 Qc6 32. b3 c4 33. b4 Nc7 34. Bh2 Nd5 35. Qc5 Qa6 36. Nxb5 c3 37. Bg1 Qa4 38. Rd2 cxd2+ 39. Kxd2 1-0


[Site "https://www.chess.com"]

[Event "Titled Tuesday Blitz August 09 Early 2022"]
[White "Vargas, Mauricio"]
[Black "Manukian, Artak"]
[WhiteFideId "4404572"]
[BlackFideId "13301373"]
[WhiteElo "2004"]
[BlackElo "2450"]
[Result "0-1"]
[Round "11"]
[TimeControl "180+1"]
[Date "2022.08.09"]
[WhiteClock "0:00:05"]
[BlackClock "0:01:54"]

1. e4 c6 2. d3 d5 3. Nd2 e5 4. g3 Nf6 5. Bg2 Bg4 6. f3 Be6 7. Ne2 Bc5 8. Nb3 Bb6 9. a4 a5 10. Bd2 O-O 11. Rc1 Nbd7 12. c4 dxc4 13. dxc4 Nc5 14. Nxc5 Bxc5 15. Qc2 Qb6 16. Rf1 h6 17. f4 Ng4 18. h3 Ne3 19. Bxe3 Bxe3 20. Rd1 Qb4+ 21. Nc3 exf4 22. gxf4 Bxc4 23. Rf3 Bb3 24. Qe2 Bxd1 25. Qxd1 Rad8 26. Qe2 Bd4 0-1


[Site "https://www.chess.com"]

[Event "Titled Tuesday Blitz August 09 Early 2022"]
[White "Wagner, Dennis"]
[Black "Machidon, Cristi"]
[WhiteFideId "24650684"]
[BlackFideId "13904590"]
[WhiteElo "2355"]
[BlackElo "2312"]
[Result "1/2-1/2"]
[Round "11"]
[TimeControl "180+1"]
[Date "2022.08.09"]
[WhiteClock "0:00:10"]
[BlackClock "0:00:10"]

1. e4 c6 2. d4 d5 3. f3 e6 4. Nc3 Qb6 5. a3 Nf6 6. e5 Nfd7 7. f4 c5 8. Nf3 Nc6 9. Be3 cxd4 10. Nxd4 Bc5 11. Na4 Qa5+ 12. Nc3 Qb6 13. Na4 Qa5+ 14. b4 Qxa4 15. bxc5 Nxd4 16. Bxd4 b6 17. cxb6 axb6 18. c3 Qxd1+ 19. Kxd1 Ba6 20. Kc2 Kd8 21. a4 g6 22. Bb5 Bxb5 23. axb5 Kc7 24. c4 dxc4 25. Kc3 Kb7 26. Kxc4 Rhc8+ 27. Kd3 Nc5+ 28. Ke3 Rxa1 29. Rxa1 Nb3 30. Rd1 Rd8 31. Rd3 Nxd4 32. Rxd4 Rxd4 33. Kxd4 h5 34. Ke4 Kc7 35. Kf3 Kd7 36. Kg3 Ke7 37. Kh4 f6 38. g4 hxg4 39. Kxg4 Kf7 40. exf6 Kxf6 41. h3 Kf7 42. Kg5 Kg7 43. h4 Kf7 44. Kh6 Kf6 45. Kh7 Kf7 46. Kh8 Kf8 47. Kh7 Kf7 48. Kh6 Kf6 49. Kh7 Kf7 1/2-1/2


[Site "https://www.chess.com"]

[Event "Titled Tuesday Blitz August 09 Early 2022"]
[White "Wieczorek, Oskar"]
[Black "Bryakin, Mikhail"]
[WhiteFideId "1133950"]
[BlackFideId "4165314"]
[WhiteElo "2302"]
[BlackElo "2353"]
[Result "0-1"]
[Round "11"]
[TimeControl "180+1"]
[Date "2022.08.09"]
[WhiteClock "0:00:46"]
[BlackClock "0:00:14"]

1. e4 d5 2. Nc3 d4 3. Nb1 c5 4. g3 Nc6 5. Bg2 Qc7 6. d3 e5 7. Ne2 Bd6 8. O-O Nf6 9. a4 a6 10. Na3 Be6 11. Nc4 Bxc4 12. dxc4 h6 13. Bd2 g5 14. Nc1 O-O-O 15. Nd3 Rdg8 16. Qf3 Qe7 17. Qf5+ Kb8 18. a5 Rg6 19. Qf3 h5 20. Qe2 h4 21. g4 h3 22. Bf3 Rh4 23. Kh1 Qe6 24. Rg1 Qxc4 25. Rg3 Qxc2 26. Rc1 Qb3 27. Nxc5 Bxc5 28. Rxc5 Qxb2 29. Rxc6 bxc6 30. Qc4 Qb5 31. Qc1 c5 32. Bd1 c4 33. Qa3 Nd7 34. Ba4 Qb1+ 35. Rg1 Qxe4+ 36. f3 Qd5 37. Bxd7 Qxd7 38. Rb1+ Kc7 39. Qc5+ Rc6 40. Qxe5+ Rd6 41. Bxg5 Rxg4 42. Qc5+ Rc6 43. Qa7+ Kd6 44. fxg4 Qxa7 0-1


[Site "https://www.chess.com"]

[Event "Titled Tuesday Blitz August 09 Early 2022"]
[White "Xu, Yi"]
[Black "Blanco Ronquillo, Humberto L."]
[WhiteFideId "8605564"]
[BlackFideId "3504239"]
[WhiteElo "2471"]
[BlackElo "2425"]
[Result "1-0"]
[Round "11"]
[TimeControl "180+1"]
[Date "2022.08.09"]
[WhiteClock "0:00:24"]
[BlackClock "0:00:01"]

1. e4 c5 2. Nf3 g6 3. c3 d5 4. e5 Nc6 5. d4 Bg4 6. Bb5 Qb6 7. Bxc6+ Qxc6 8. Nbd2 e6 9. h3 Bf5 10. O-O Bd3 11. Re1 Ba6 12. Nf1 Bg7 13. Be3 cxd4 14. cxd4 Ne7 15. Ng3 O-O 16. Qd2 Rfc8 17. Rec1 Qb6 18. b3 Rc6 19. Bg5 Nf5 20. Nxf5 exf5 21. Be7 Rac8 22. Rxc6 Qxc6 23. Ba3 Qb5 24. Rc1 Rc6 25. Rxc6 Qxc6 26. Kh2 b6 27. Qb4 Be2 28. Qe7 h6 29. Qxa7 Bxf3 30. gxf3 Qc2 31. Kg2 Qxa2 32. Qe7 Qxb3 33. Qe8+ Kh7 34. Bf8 Bxf8 35. Qxf8 Qc3 36. Qxf7+ Kh8 37. e6 Qd2 38. Qf6+ 1-0


[Site "https://www.chess.com"]